 Dungeon Crawl Stone Soup version 0.20-a0-537-g052e6ba (webtiles) character file.

27 gottagoquickly the Insei (level 3, -2/27 HPs)
             Began as a Barachian Warper on Jan 28, 2017.
             Slain by a gnoll
             ... wielding a +0 club
              (7 damage)
             ... on level 1 of the Dungeon.
             The game lasted 00:04:45 (919 turns).

gottagoquickly the Insei (Barachian Warper)          Turns: 919, Time: 00:04:46

Health: -2/27      AC:  3    Str: 10    XL:     3   Next: 10%
Magic:  6/6        EV: 11    Int: 11    God:
Gold:   50         SH:  0    Dex: 10    Spells: 4/6 levels left

rFire    . . .     SeeInvis .     - Unarmed
rCold    . . .     Gourm    .   a - +0 leather armour
rNeg     . . .     Faith    .   (no shield)
rPois    .         Spirit   .   (no helmet)
rElec    .         Reflect  .   (no cloak)
rCorr    .         Harm     .   (no gloves)
MR       .....                  (no boots)
Stlth    +.........             (no amulet)
Regen    0.1/turn               (no ring)
                                (no ring)

@: can't hop, slow
A: swims, slowness 1, strong legs 1
a: Hop


You were on level 1 of the Dungeon.
You were not hungry.

You visited 1 branch of the dungeon, and saw 2 of its levels.

You collected 50 gold pieces.

Inventory:

Missiles
 f - 2 tomahawks of dispersal (quivered)
Armour
 a - a +0 leather armour (worn)
Jewellery
 e - an uncursed ring of fire
Wands
 g - a wand of confusion (0/48)
Books
 b - a book of Spatial Translocations

   Spells                             Type                      Level
   a - Blink                          Translocation                2
   b - Shroud of Golubria             Charms/Translocation         2
   c - Lesser Beckoning               Translocation                3
   d - Portal Projectile              Translocation                3
   e - Teleport Other                 Translocation                3
   f - Passage of Golubria            Translocation                4
Comestibles
 c - a chunk of flesh
 d - a bread ration


   Skills:
 - Level 2.1 Fighting
 - Level 0.8 Throwing
 - Level 1.1 Armour
 - Level 2.0 Dodging
 + Level 3.4 Unarmed Combat
 - Level 2.0 Spellcasting
 - Level 3.0 Translocations


You had 4 spell levels left.
You knew the following spells:

 Your Spells              Type           Power        Failure   Level  Hunger
B - Blink                 Tloc           N/A          17%         2    ###....


Dungeon Overview and Level Annotations

Branches:
Dungeon (2/15)

Altars:


Innate Abilities, Weirdness & Mutations

You can swim through water.
You cover ground slowly.
You can hop short distances.


Message History

Okay, then.
It was a potion of curing.
You feel better. The gnoll hits you with a club.
You hit the gnoll but do no damage. The gnoll hits you but does no damage.
You barely miss the gnoll. The gnoll barely misses you.
You hit the gnoll.
The gnoll is lightly wounded.
The gnoll hits you with a club!
You are too injured to fight recklessly!
You are too injured to fight recklessly!
You are too injured to fight recklessly!
You hit the gnoll but do no damage.
The gnoll is lightly wounded.
The gnoll hits you with a club!
* * * LOW HITPOINT WARNING * * *
You hit the gnoll.
The gnoll is moderately wounded.
You hit the gnoll.
The gnoll is almost dead.
The gnoll hits you with a club!
You die...

####### #.....#
#.....#
#.....##############
#.........((........
#.....##..(.####.##.
#.....'..##.# #.##.
#.....#...#)####.##.
#..@................
#..g......#......##.
#...........########
######....#.#
#....#...#
#.#......####
#...........#
####....##....#
#..+....#.....#


You could see a gnoll.

Vanquished Creatures
  2 dart slugs (D:1)
  3 leopard geckos
  A ball python (D:1)
  2 bats (D:1)
  2 giant cockroaches (D:1)
  2 hobgoblins (D:1)
  A jackal (D:1)
  2 kobolds (D:1)
  A frilled lizard (D:2)
  3 rats
19 creatures vanquished.

Notes
Turn   | Place    | Note
-------+----------+-------------------------------------------
     0 | D:1      | gottagoquickly the Barachian Warper began the quest for the Orb.
     0 | D:1      | Reached XP level 1. HP: 16/16 MP: 3/3
     0 | D:1      | Noticed a large abomination
     2 | D:1      | Noticed a shadow dragon
     4 | D:1      | Noticed a large abomination
     5 | D:1      | Noticed a shadow dragon
     8 | D:1      | Noticed a purple draconian
    11 | D:1      | Noticed an iron dragon
    15 | D:1      | Noticed a large abomination
    19 | D:1      | Noticed an iron dragon
    19 | D:1      | Noticed a large abomination
    21 | D:1      | Noticed a shadow dragon
    21 | D:1      | Noticed an orb of fire
   213 | D:1      | HP: 1/16 [leopard gecko (2)]
   216 | D:1      | Reached XP level 2. HP: 1/22 MP: 5/5
   446 | D:1      | Reached skill level 3 in Unarmed Combat
   785 | D:1      | Reached XP level 3. HP: 22/27 MP: 6/6
   861 | D:2      | Learned a level 2 spell: Blink
   919 | D:1      | Slain by a gnoll

Vault maps used:
D:1:      shiori_arrival_whats_in_store_for_you

Skill      XL: |  1  2 |
---------------+-------+-----
Unarmed Combat | 3 |  3.4
Fighting       | |  2.1
Throwing       | |  0.8
Armour         | |  1.1
Dodging        | |  2.0
Spellcasting   | |  2.0
Translocations | |  3.0

Action                   || total
-------------------------++-------
Melee: Unarmed           ||   133
       Punch             ||     1
Throw: Tomahawk          ||     3
 Abil: Hop               ||     1
Evoke: Wand              ||     3
  Use: Scroll            ||     1
       Potion            ||     1
  Eat: Chunk             ||     2
Armor: Leather armour    ||    45
Dodge: Dodged            ||   103
